 Seeded DCSS version 0.28-a0-823-gb444dcf96d (webtiles) character file.

Game seed: 5494768922653061978 (custom seed)

5 croobank the Vexing (level 1, 0/7 HPs)
             Began as a Felid Enchanter on Nov 9, 2021.
             Constricted to death by a ball python (1 damage)
             ... on level 1 of the Dungeon.
             The game lasted 00:01:46 (235 turns).

croobank the Vexing (Felid Enchanter)                Turns: 235, Time: 00:01:46

Health: 0/7        AC:  1    Str:  4    XL:     1   Next: 66%
Magic:  4/4        EV: 14    Int: 16    God:
Gold:   0          SH:  0    Dex: 16    Spells: 4/4 levels left
                                        Lives:  0   Deaths: 0

rFire   . . .      SeeInvis +     - Unarmed
rCold   . . .      Faith    .   (shield unavailable)
rNeg    . . .      Spirit   .   (armour unavailable)
rPois   .          Reflect  .   (helmet unavailable)
rElec   .          Harm     .   (cloak unavailable)
rCorr   .          Rampage  .   (gloves unavailable)
Will    .....                   (boots unavailable)
Stlth   +++.......              (no amulet)
HPRegen 0.02/turn               (no ring)
MPRegen 0.09/turn               (no ring)

@: constricted, quick
A: very small, claws 1, fangs 3, see invisible, speed 1, shaggy fur 1, stealthy
paws, no weapons or thrown items, no armour, multi-lived
a: no special abilities


You were on level 1 of the Dungeon.
You visited 1 branch of the dungeon, and saw 1 of its levels.

Inventory:

Missiles
 d - 19 stones
Scrolls
 b - a scroll of noise {unknown}
 c - a scroll of enchant weapon {unknown}
Potions
 a - a potion of invisibility


   Skills:
 + Level 2.9 Dodging
 + Level 4.1 Stealth
 + Level 1.0 Unarmed Combat
 + Level 2.0 Spellcasting
 + Level 4.6 Hexes


You had 4 spell levels left.
You didn't know any spells.
Your spell library contained the following spells:

 Spells                   Type           Power      Damage    Failure   Level
 Confusing Touch          Hex            16%        N/A       10%         3
 Tukima's Dance           Hex            16%        N/A       10%         3
 Ensorcelled Hibernation  Hex/Ice        18%        N/A       12%         2
 Dazzling Flash           Conj/Hex       18%        N/A       24%         3


Dungeon Overview and Level Annotations

Branches:
Dungeon (1/15)

Altars:


Innate Abilities, Weirdness & Mutations

You have sharp claws.
You have razor-sharp teeth.
You have supernaturally acute eyesight. (SInv)
You cover ground quickly. (Speed+)
You are covered in fur. (AC +1)
Your paws help you pounce on unaware monsters.
You are incapable of wielding weapons or throwing items.
You cannot wear armour.
You gain extra lives every three experience levels.


Message History

You scratch the goblin.
You kill the goblin!
The ball python completely misses you. x2
You scratch the ball python.
You kill the ball python!
You open the door.
There is an open door here.
You open the door.
There is an open door here.
An endoplasm comes into view.
A ball python comes into view.
The ball python hisses angrily.
The endoplasm quivers.
You hear an angry hiss.
You scratch the endoplasm.
The endoplasm is moderately wounded.
The endoplasm barely misses you.
You scratch the endoplasm but do no damage.
The endoplasm is moderately wounded.
The endoplasm barely misses you.
You scratch the endoplasm.
You kill the endoplasm!
The ball python closely misses you. The ball python grabs you.
The ball python constricts you.
You scratch the ball python.
The ball python is severely wounded.
The ball python bites you. The ball python constricts you.
You closely miss the ball python.
The ball python is severely wounded.
The ball python closely misses you. The ball python constricts you.
You closely miss the ball python.
You bite the ball python, but do no damage.
The ball python is severely wounded.
The ball python bites you.
* * * LOW HITPOINT WARNING * * *
The ball python constricts you.
You closely miss the ball python.
The ball python is severely wounded.
The ball python closely misses you. The ball python constricts you.
You die...

... #..# #.#.#######.#
#.#.#..###.#.#.......#
#.#.....##.#'#'#######
#.#####.##............
#........†.#####
#............#
#........).#.#
#.#####..#.......#.#
#...S@...........# #
.......####.##......#
....... .......#+#.#
....... ###.##.# ..
....... .....# .#.
....... #.# ....... ..
....... ...


You could see a ball python.

Vanquished Creatures
  2 endoplasms (D:1)
  A ball python (D:1)
  A frilled lizard (D:1)
  A goblin (D:1)
  A rat (D:1)
6 creatures vanquished.

Notes
Turn   | Place    | Note
-------+----------+-------------------------------------------
     0 | D:1      | croobank the Felid Enchanter began the quest for the Orb.
     0 | D:1      | Reached XP level 1. HP: 7/7 MP: 4/4
   235 | D:1      | Constricted to death by a ball python

Illustrated notes

Levels and vault maps discovered:
D:1:      kennysheep_arrival_seaside, layout_basic, basic_ecumenical_altar

Action                   || total
-------------------------++-------
Melee: Unarmed           ||    17
       Bite              ||     2
 Stab: Sleeping          ||     1
Armor: Skin              ||     1
Dodge: Dodged            ||    11

Table legend: (Time is in decaauts)
 A = Elapsed time spent in this place.
 B = Non-inter-level travel time spent in this place.
 C = Inter-level travel time spent in this place.
 D = Time resting spent in this place.
 E = Time spent auto-exploring this place.
 F = Levels seen in this place.
 G = Mean time per level.
                   A        B        C        D        E       F      G
               +--------+--------+--------+--------+--------+-----+--------+
         Total |    194 |    194 |      0 |      0 |    137 |   1 |  194.0 |
       Dungeon |    194 |    194 |      0 |      0 |    137 |   1 |  194.0 |
               +--------+--------+--------+--------+--------+-----+--------+

Top non-repeatable levels by time:
     D:1: 194 daAuts
